Map: Orbital Shipyard

Players

dipwood - Winner!

  • Race: Protoss Protoss
  • League: Master

neuro

  • Race: Zerg Zerg
  • League: Master

VOD

https://www.youtube.com/watch?v=qgE1SViEolU

Description

Time

  • Played on: Oct. 21, 2015, 10:43 p.m.
  • Length: 15:56
Show
View Real Time Build Order
Export as new Build Order

dipwood Protoss - Winner!

Build Orders:  

Get SALT Encoding   

  12  0:01  Probe (Chrono Boost)  
  13  0:12  Probe (Chrono Boost)  
  14  0:20  Pylon  
  14  0:23  Probe (Chrono Boost)  
  15  0:29  Assimilator  
  15  0:42  Gateway  
  15  0:44  Probe (Chrono Boost)  
  16  0:55  Probe (Chrono Boost)  
  17  1:05  Gateway  
  17  1:06  Probe (Chrono Boost)  
  18  1:17  Probe (Chrono Boost)  
  19  1:29  Cybernetics Core  
  19  1:33  Probe (Chrono Boost)  
  20  1:49  Nexus  
  20  1:57  Pylon  
  20  2:07  Adept (Chrono Boost)  
  22  2:15  Mothership Core, Adept (Chrono Boost)  
  26  2:19  Warp Gate (Chrono Boost)  
  26  2:34  Adept (Chrono Boost)  
  29  2:37  Probe  
  29  2:40  Assimilator  
  29  2:49  Probe  
  30  2:56  Pylon  
  30  3:01  Probe  
  30  3:02  Pylon  
  31  3:06  Probe  
  32  3:13  Probe  
  33  3:26  Pylon x2  
  33  3:28  Pylon  
  33  3:32  Pylon  
  33  3:39  Probe  
  33  3:41  Probe  
  35  3:44  Stargate  
  35  3:50  Probe  
  35  3:53  Probe  
  37  3:56  Gateway  
  37  4:15  Sentry, Probe  
  37  4:16  Adept  
  41  4:17  Probe  
  41  4:20  Stargate  
  43  4:26  Probe  
  43  4:27  Assimilator  
  43  4:29  Probe  
  45  4:31  Assimilator  
  45  4:37  Oracle (Chrono Boost)  
  48  4:40  Probe  
  48  4:42  Probe  
  49  4:54  Probe  
  50  5:04  Oracle (Chrono Boost)  
  47  5:07  Stalker  
  47  5:09  Probe  
  47  5:11  Probe  
  51  5:22  Pylon  
  51  5:28  Pylon  
  51  5:31  Pylon x2  
  51  5:34  Oracle (Chrono Boost)  
  54  5:40  Oracle (Chrono Boost)  
  57  5:52  Twilight Council  
  57  5:56  Twilight Council  
  57  5:58  Probe x2  
  57  6:01  Forge  
  59  6:06  Sentry  
  64  6:11  Oracle (Chrono Boost)  
  64  6:20  Adept  
  64  6:21  Adept  
  64  6:23  Probe x2  
  70  6:30  Zealot  
  72  6:35  Probe x2  
  72  6:39  Gateway, Charge (Chrono Boost)  
  74  6:43  Zealot  
  76  7:02  Probe x2  
  76  7:07  Templar Archives  
  78  7:17  Zealot  
  78  7:18  Zealot  
  78  7:20  Probe x2  
  84  7:28  Robotics Facility  
  84  7:46  Nexus  
  84  7:47  Pylon  
  84  7:49  Pylon  
  84  7:52  Gateway, Pylon  
  84  7:54  Gateway  
  84  7:57  Gateway  
  84  8:01  Gateway  
  84  8:02  Gateway  
  84  8:04  High Templar, Assimilator  
  84  8:05  Gateway  
  86  8:09  Assimilator  
  86  8:15  Observer  
  86  8:17  Pylon  
  86  8:18  Pylon  
  86  8:21  Pylon  
  86  8:27  High Templar x2  
  86  8:31  Psionic Storm, Protoss Ground Weapons Level 1  
  90  8:36  Warp Prism  
  90  8:41  High Templar  
  94  8:54  Probe x2  
  96  9:02  High Templar  
  98  9:03  Zealot  
  98  9:06  Probe  
  98  9:07  Probe  
  98  9:09  Pylon  
  102  9:11  Pylon  
  102  9:13  Zealot  
  102  9:14  Zealot x4  
  102  9:16  Archon  
  112  9:17  Archon  
  112  9:23  Zealot x2  
  116  9:30  Zealot  
  118  9:36  High Templar x3  
  118  9:37  Zealot x3  
  130  9:42  Archon x2  
  130  9:47  Zealot x2  
  132  10:04  Zealot x4  
  106  10:15  Zealot x4  
  97  10:21  Protoss Ground Weapons Level 2  
  97  10:23  Zealot  
  96  10:32  High Templar x4  
  104  10:36  Archon x2  
  104  10:41  Void Ray x2  
  108  10:46  Zealot x2  
  108  10:47  High Templar  
  104  10:56  Zealot x2  
  84  11:12  Zealot x4  
  92  11:18  Zealot x2  
  81  11:35  Void Ray x2 (Chrono Boost)  
  81  11:39  Fleet Beacon  
  87  11:47  Zealot, High Templar x2  
  89  11:48  Zealot  
  95  12:03  High Templar x2  
  95  12:04  Zealot x3  
  105  12:10  Pylon  
  105  12:14  High Templar x2  
  109  12:24  Zealot x3  
  115  12:35  Oracle (Chrono Boost)  
  115  12:36  Oracle (Chrono Boost)  
  121  12:37  Zealot  
  123  12:53  Nexus  
  123  12:57  High Templar x2  
  127  12:59  Zealot  
  127  13:06  Stalker x2  
  127  13:11  Zealot, High Templar  
  135  13:17  Pylon  
  137  13:37  Tempest (Chrono Boost)  
  123  13:52  Archon x3  
  109  14:02  Zealot x5  
  113  14:03  Zealot x4  
  117  14:25  Stalker x3  
  117  14:27  High Templar x3  
  117  14:30  Mothership Core  
  129  14:34  Pylon  
  127  14:38  Archon  
  127  14:39  High Templar  
  125  14:47  Phoenix  
  125  14:54  Pylon  
  125  15:00  Stalker x2  
  125  15:04  Photon Cannon  
  128  15:16  Stalker x2  
  122  15:43  High Templar  
  122  15:44  Stalker x2  
  128  15:51  Assimilator  
  128  15:54  Assimilator  
Show
View Real Time Build Order
Export as new Build Order

neuro Zerg 

Build Orders: Hatch First, Lurkers 

Get SALT Encoding   

  12  0:01  Drone  
  13  0:14  Overlord  
  13  0:17  Drone  
  14  0:32  Drone x2  
  16  0:36  Drone  
  17  0:51  Hatchery  
  17  0:54  Drone  
  17  0:57  Drone  
  18  1:11  Spawning Pool  
  18  1:12  Drone  
  18  1:19  Drone  
  19  1:29  Drone  
  20  1:40  Drone  
  20  1:43  Hatchery  
  20  1:47  Extractor  
  20  1:53  Drone  
  20  1:59  Queen  
  22  2:05  Queen  
  24  2:10  Overlord  
  24  2:13  Drone  
  25  2:16  Drone  
  25  2:18  Drone  
  27  2:23  Zergling x2  
  28  2:30  Drone  
  28  2:34  Drone  
  30  2:38  Drone  
  31  2:46  Overlord, Queen  
  31  2:49  Overlord  
  33  2:53  Metabolic Boost  
  33  2:57  Zergling x2  
  34  3:02  Zergling x4  
  36  3:10  Overlord  
  35  3:22  Baneling Nest  
  35  3:27  Zergling x16  
  38  3:30  Zergling x2  
  40  3:35  Zergling x4  
  40  3:36  Zergling x2  
  42  4:02  Drone x6  
  46  4:21  Drone x7  
  52  4:26  Baneling x5  
  52  4:27  Baneling  
  52  4:38  Zergling x12  
  49  4:54  Zergling x16  
  51  5:01  Drone x4  
  54  5:11  Lair  
  54  5:12  Queen x2  
  54  5:13  Extractor  
  54  5:14  Drone x2, Extractor  
  58  5:18  Roach Warren  
  58  5:19  Overlord  
  57  5:29  Spore Crawler  
  57  5:30  Spore Crawler  
  55  5:36  Spore Crawler  
  55  5:39  Drone x4  
  58  5:43  Overlord  
  58  5:52  Overlord  
  58  5:53  Overlord  
  58  6:01  Queen  
  60  6:07  Drone x6  
  68  6:11  Drone x2, Queen  
  68  6:16  Drone  
  68  6:18  Overseer  
  71  6:30  Drone  
  71  6:31  Drone x8  
  80  6:34  Glial Reconstitution  
  80  6:38  Overlord x2  
  80  6:41  Evolution Chamber  
  80  6:44  Spore Crawler  
  78  6:51  Hydralisk Den  
  75  6:56  Extractor  
  75  6:59  Extractor  
  75  7:00  Spore Crawler  
  75  7:01  Spore Crawler, Drone x9  
  68  7:08  Hydralisk Den  
  75  7:13  Extractor  
  71  7:16  Drone x2  
  71  7:21  Zerg Missile Weapons Level 1  
  73  7:23  Queen x2  
  73  7:25  Overlord x2  
  73  7:26  Evolution Chamber  
  73  7:28  Drone  
  77  7:33  Overlord x4  
  76  7:39  Muscular Augments  
  76  7:41  Hydralisk x3  
  81  7:50  Hydralisk x4  
  89  7:52  Hydralisk  
  91  8:02  Hydralisk x4  
  99  8:08  Overseer  
  99  8:18  Hydralisk x5  
  109  8:22  Zerg Ground Armor Level 1  
  109  8:27  Roach x2  
  113  8:36  Hydralisk x5  
  120  8:45  Hydralisk x3  
  126  9:00  Lurker Den  
  126  9:01  Hatchery, Zergling x16  
  133  9:05  Ravager x2  
  135  9:13  Overlord x3  
  135  9:17  Zerg Missile Weapons Level 2  
  134  9:23  Roach x3  
  140  9:33  Roach  
  140  9:34  Roach x4  
  150  9:55  Extractor  
  150  9:57  Roach x6, Extractor  
  150  9:58  Roach x5  
  167  10:05  Roach  
  167  10:06  Roach  
  133  10:11  Hydralisk x4  
  129  10:19  Hydralisk x3  
  123  10:24  Hydralisk x2  
  107  10:43  Roach x5  
  107  10:44  Roach x5  
  123  10:50  Hydralisk  
  123  10:54  Hydralisk x2  
  125  11:03  Roach x6  
  125  11:07  Roach  
  125  11:08  Roach  
  109  11:15  Hydralisk x3  
  111  11:24  Ravager  
  110  11:26  Ravager  
  110  11:29  Ravager  
  106  11:35  Spire  
  105  11:40  Lurker x2  
  105  11:41  Lurker  
  108  11:54  Zergling x28  
  122  12:02  Hatchery, Hydralisk x3  
  127  12:10  Zerg Ground Armor Level 2  
  127  12:20  Burrow  
  127  12:23  Overseer x2  
  127  12:25  Hydralisk x3  
  133  12:33  Hydralisk  
  133  12:34  Hydralisk x2  
  139  12:39  Hydralisk x2  
  142  12:52  Zergling x12  
  142  12:53  Zergling x8  
  142  12:56  Overlord  
  152  13:13  Mutalisk x3  
  152  13:14  Mutalisk  
  152  13:16  Mutalisk  
  162  13:31  Hydralisk x3  
  162  13:32  Extractor  
  162  13:34  Extractor  
  135  13:49  Roach x6  
  135  13:51  Hydralisk  
  109  13:57  Mutalisk  
  109  13:58  Mutalisk  
  109  14:02  Mutalisk  
  97  14:09  Mutalisk x2  
  99  14:17  Mutalisk  
  99  14:18  Mutalisk  
  95  14:25  Mutalisk  
  89  14:35  Mutalisk  
  91  14:40  Lurker  
  61  15:13  Mutalisk  
  61  15:14  Mutalisk x2  
  67  15:26  Hatchery  
  67  15:27  Mutalisk  
Tags
 
Composition
Lurkers
Matchup
PvZ
Player
Neuro
Add a new tag
Caveats
  • Supply blocks, unpowered buildings, or Contaminate may cause inaccurate times.
  • Supply counts are checked every 10 seconds.